 Dungeon Crawl Stone Soup version 0.20.1-1-g8b1a95d (webtiles) character file.

182 Irenicus the Chopper (level 5, -2/46 HPs)
             Began as a Deep Dwarf Berserker on Oct 30, 2017.
             Was a Believer of Trog.
             Slain by a scorpion (8 damage)
             ... on level 4 of the Dungeon.
             The game lasted 00:08:50 (1991 turns).

Irenicus the Chopper (Deep Dwarf Berserker)         Turns: 1991, Time: 00:08:53

Health: -2/46      AC:  5    Str: 18 (21) XL:     5   Next: 34%
Magic:  5/5        EV: 12    Int:  6 (7)  God:    Trog [**....]
Gold:   82         SH:  0    Dex: 11 (13) Spells: 4/4 levels left

rFire    . . .     SeeInvis .   a - +0 hand axe
rCold    . . .     Gourm    .   (no shield)
rNeg     . . .     Faith    .   h - +0 leather armour
rPois    .         Spirit   .   v - +1 helmet
rElec    .         Reflect  .   (no cloak)
rCorr    .         Harm     .   (no gloves)
MR       .....                  (no boots)
Stlth    +.........             (no amulet)
Regen    0.0/turn               (no ring)
MPRegen  0.1/turn               (no ring)

@: lethally poisoned (-2 -> -2), berserk cooldown, flying (expiring),
non-regenerating, slowed, very slow
A: damage resistance, heal wounds, sense surroundings 1, no regeneration
a: Heal Wounds, Berserk, Trog's Hand, Burn Spellbooks, Renounce Religion


You were on level 4 of the Dungeon.
You worshipped Trog.
Trog was pleased with you.
You were near starving.

You visited 1 branch of the dungeon, and saw 4 of its levels.

You collected 82 gold pieces.

Inventory:

Hand Weapons
 a - a +0 hand axe (weapon)
Armour
 b - a +0 animal skin
 h - a +0 leather armour (worn)
 i - a +2 hat
 v - a +1 helmet (worn)
Jewellery
 q - an uncursed ring of fire
Wands
 l - a wand of digging (13/24)
Scrolls
 e - a scroll of amnesia {unknown}
 f - 3 scrolls of teleportation {unknown}
 j - a scroll of identify {unknown}
 m - a scroll of noise {unknown}
 n - 2 scrolls of remove curse {unknown}
Potions
 d - 2 potions of brilliance
 k - a potion of haste
 p - a potion of degeneration
 s - 2 potions of flight
 t - a potion of agility {unknown}
 u - a potion of berserk rage
Comestibles
 c - a bread ration
 g - a meat ration
 o - 6 chunks of flesh


   Skills:
 - Level 2.6 Fighting
 + Level 6.7 Axes
 - Level 2.1 Armour
 - Level 2.1 Dodging


You had 4 spell levels left.
You didn't know any spells.

Dungeon Overview and Level Annotations

Branches:
Dungeon (4/15)
 Temple: D:4-7

Altars:
Elyvilon
Gozag
Hepliaklqana
Makhleb
Nemelex Xobeh
Sif Muna
Yredelemnul
The Shining One


Innate Abilities, Weirdness & Mutations

You are resistant to damage.
You can heal yourself by infusing magical energy.
You passively map a small area around you.
You do not regenerate.


Message History

You closely miss the scorpion. The scorpion barely misses you.
The orc barely misses you.
The scorpion stings you but does no damage.
The orc closely misses you.
Unknown command.
You hit the orc but do no damage.
The orc is heavily wounded.
You hit the scorpion but do no damage.
You are starting to lose your buoyancy.
The scorpion stings you.
* * * LOW HITPOINT WARNING * * *
The orc closely misses you.
It was a potion of berserk rage.
You're still recovering from your berserk rage.
The scorpion stings you.
You are more poisoned.
The scorpion poisons you! The orc hits you with a trident.
* * * LOW HITPOINT WARNING * * *
The scorpion stings you!
You die...

####.##.##.####.#*, *
........#...###.#*
..............#.#*,,
#......##...#.#.#
........##.##.#.# ,
#.##.#.....##.#.#*, #
#.##.##.##.##.#(# .#
#.##.##.##...(#s##..#
** #>##.#
.##...<.)@...# ..# .#
###..#.o....... ### ,
* #..#.##?..#.. *
#..#.. ...... #......
....., * , ,
..%.........., * ,
##.##.......(. ,,, #.
##.#...... * * * *


You could see a scorpion and an orc.

Vanquished Creatures
  A hound (D:3)
  An orc wizard (D:4)
  Robin (D:3)
  2 adders (D:2)
  4 worms
  3 dart slugs
  3 orcs
  6 giant cockroaches
  13 goblins
  7 hobgoblins
  6 jackals (D:3)
  7 kobolds
  3 quokkas
  5 bats
  4 frilled lizards
  4 rats
70 creatures vanquished.

Notes
Turn   | Place    | Note
-------+----------+-------------------------------------------
     0 | D:1      | Irenicus the Deep Dwarf Berserker began the quest for the Orb.
     0 | D:1      | Reached XP level 1. HP: 20/20 MP: 1/1
   118 | D:1      | Reached skill level 4 in Axes
   118 | D:1      | Reached XP level 2. HP: 17/27 MP: 2/2
   369 | D:1      | Reached ** piety under Trog
   564 | D:2      | Reached XP level 3. HP: 16/33 MP: 3/3
   761 | D:2      | Found a burning altar of Makhleb.
   773 | D:2      | Reached skill level 5 in Axes
  1207 | D:2      | Reached XP level 4. HP: 7/40 MP: 4/4
  1321 | D:3      | Found a white marble altar of Elyvilon.
  1393 | D:3      | Found a glowing golden altar of the Shining One.
  1394 | D:3      | Found a basalt altar of Yredelemnul.
  1394 | D:3      | Found an opulent altar of Gozag.
  1396 | D:3      | Found a hazy altar of Hepliaklqana.
  1474 | D:3      | Reached skill level 6 in Axes
  1492 | D:3      | Found a sparkling altar of Nemelex Xobeh.
  1827 | D:3      | Noticed Robin
  1844 | D:3      | Reached XP level 5. HP: 16/46 MP: 5/5
  1849 | D:3      | Killed Robin
  1901 | D:3      | Found a deep blue altar of Sif Muna.
  1991 | D:4      | Slain by a scorpion

Skill      XL: |  1  2  3  4 |
---------------+-------------+-----
Axes           | 4 5 6 |  6.7
Fighting       | |  2.6
Armour         | |  2.1
Dodging        | |  2.1

Action                   |  1- 3 |  4- 6 || total
-------------------------+-------+-------++-------
Melee: Hand axe          |   125 |    82 ||   207
Invok: Berserk           |     3 |     5 ||     8
       Trog's Hand       |       |     1 ||     1
Evoke: Wand              |     1 |       ||     1
  Use: Potion            |       |     6 ||     6
  Eat: Chunk             |     3 |     5 ||     8
       Royal jelly       |       |     1 ||     1
Armor: Animal skin       |     2 |       ||     2
       Leather armour    |    30 |    18 ||    48
Dodge: Dodged            |    55 |    55 ||   110
